AoeStats
← FrankSinatrap

Arabian Desert

510193013Analyzed
1v1 RM · 2d ago on Sep 29, 2026· 17m 50s· 2 players
Game mode
Random Map
Map size
Tiny (2 player)
Population
200
Speed
Normal
Resources
Standard
Victory
Conquest
Starting age
Dark Age
Ending age
Imperial Age
RankedLock teamsTeams togetherTeam positionsShared explorationLock speedFull tech treeHidden civsTurbo modeCheats
Victory
Defeat
🇲🇽 Malay · Mexico
1337
+15
🇧🇴 Spanish · Bolivia
1313
-15
DSLG | GORDA CACHONDA
10:29 Feudal Age
15:01 Castle Age
14:17 Loom
14:28 Double-Bit Axe
FrankSinatrap
7:21 Loom
10:11 Feudal Age
15:08 Fletching
20:21 Castle Age
Connection lost

Rejoining the realm…

Still unreachable

The connection could not be restored.

Session expired

The server has moved on; the page needs a fresh start.